 Dungeon Crawl Stone Soup version 0.28.0-53-g5a82cb258f (webtiles) character file.

Game seed: 4977921694271593761

221 issech the Chopper (level 5, -6/47 HPs)
             Began as a Minotaur Monk on June 22, 2022.
             Mangled by an ogre
             ... wielding a +0 giant club
              (26 damage)
             ... on level 4 of the Dungeon.
             The game lasted 00:09:58 (3748 turns).

issech the Chopper (Minotaur Monk)                  Turns: 3748, Time: 00:09:59

Health: -6/47      AC:  5    Str: 21    XL:     5   Next: 65%
Magic:  4/4        EV: 12    Int:  7    God:
Gold:   146        SH:  5    Dex: 15    Spells: 4/4 levels left

rFire   . . .      SeeInvis .   t - +0 arbalest
rCold   . . .      Faith    .   (shield currently unavailable)
rNeg    . . .      Spirit   .   h - +0 ring mail
rPois   .          Reflect  +   (helmet restricted)
rElec   .          Harm     .   (no cloak)
rCorr   .          Rampage  .   (no gloves)
Will    .....                   (no boots)
Stlth   +.........              o - amulet of reflection
HPRegen 0.15/turn               l - +6 ring of strength
MPRegen 0.09/turn               (no ring)

@: no status effects
A: horns 2, retaliatory headbutt
a: no special abilities


You were on level 4 of the Dungeon.
You visited 1 branch of the dungeon, and saw 4 of its levels.

You collected 146 gold pieces.

Inventory:

Hand Weapons
 a - a +0 hand axe
 q - a +0 long sword
 t - a +0 arbalest (weapon)
 u - a +0 rapier
Missiles
 g - 95 stones
 i - 31 bolts (quivered ammo)
 k - 57 arrows
Armour
 b - a +0 robe
 h - a +0 ring mail (worn)
Jewellery
 l - a +6 ring of strength (left hand)
 o - an amulet of reflection (around neck)
Scrolls
 c - a scroll of noise {unknown}
 d - a scroll of vulnerability {unknown}
 f - 2 scrolls of fog {unknown}
 n - 2 scrolls of magic mapping {unknown}
 p - a scroll of silence {unknown}
 r - 3 scrolls of identify {unknown}
 s - a scroll of summoning {unknown}
Potions
 e - 4 potions of curing {unknown}
 j - 2 potions of haste {unknown}
 m - a potion of cancellation {unknown}


   Skills:
 + Level 4.8 Fighting
 + Level 1.2 Long Blades
 + Level 5.1 Axes
 + Level 0.2 Crossbows
 + Level 2.0 Armour
 + Level 4.2 Dodging
 + Level 2.1 Stealth


You had 4 spell levels left.
You didn't know any spells.
Your spell library contained the following spells:

 Spells                   Type           Power      Damage    Failure   Level
 Ozocubu's Armour         Ice            0%         N/A       92%         3
 Ozocubu's Refrigeration  Ice            0%         4d5       100%        7


Dungeon Overview and Level Annotations

Branches:
Dungeon (4/15)
 Temple: D:4-7

Altars:


Innate Abilities, Weirdness & Mutations

You have a pair of horns on your head.
You reflexively headbutt those who attack you in melee.


Message History

Found 2 black potions.
You shoot a bolt. The bolt hits the endoplasm!!
You kill the endoplasm!
A water moccasin skeleton comes into view.
There is an open door here.
You shoot a bolt.
The bolt barely misses the water moccasin skeleton.
The water moccasin skeleton closely misses you.
You furiously retaliate!
You headbutt the water moccasin skeleton!
The water moccasin skeleton misses you.
You shoot a bolt.
The bolt hits the water moccasin skeleton.
The water moccasin skeleton is moderately damaged.
The water moccasin skeleton bites you but does no damage.
The water moccasin skeleton bites you!
You shoot a bolt.
The bolt hits the water moccasin skeleton!!
You destroy the water moccasin skeleton!
Your Armour skill increases to level 2!
i - 29 bolts (gained 2)
Found a stone staircase leading down.
You open the door.
There is an open door here.
i - 30 bolts (gained 1)
e - 4 black potions (gained 2)
i - 31 bolts (gained 1)
You open the door.
Found a club.
There is an open door here.
You open the door.
An ogre comes into view. It is wielding a +0 giant club.
There is an open door here.
The ogre hits you with a +0 giant club!!
Ouch! That really hurt!
You are too injured to fight recklessly!
There is an open door here.
The ogre hits you with a +0 giant club!!
Ouch! That really hurt!
You die...

..#...........####....
..#...........#..#....
#..#...........'..'....
#..#...........#..#....
###..#...........##.#....
+....##'####......#.#####
#..........#......#...#..
#..........#......'...#..
##...##.@..#......#####..
#'####O...#.....## ##..
#......)..#.....# #...
+.........#....>+ #...
###########.....# ####
#######


You could see an ogre.

Vanquished Creatures
  An ogre (D:3)
  A water moccasin skeleton (D:4)
  2 adders
  A dart slug (D:2)
  7 bats
  5 endoplasms
  5 giant cockroaches
  9 goblins
  8 hobgoblins
  7 jackals
  5 ball pythons
  2 frilled lizards (D:1)
  5 kobolds
  5 rats
63 creatures vanquished.

Notes
Turn   | Place    | Note
-------+----------+-------------------------------------------
     0 | D:1      | issech the Minotaur Monk began the quest for the Orb.
     0 | D:1      | Reached XP level 1. HP: 19/19 MP: 0/0
   221 | D:1      | Reached XP level 2. HP: 27/27 MP: 1/1
   254 | D:1      | Reached skill level 4 in Axes
   859 | D:2      | Reached XP level 3. HP: 33/34 MP: 2/2
   862 | D:2      | Found a faded altar of an unknown god.
  1827 | D:3      | Reached XP level 4. HP: 41/41 MP: 3/3
  1951 | D:3      | Noticed an ogre
  2659 | D:3      | HP: 2/41 [ogre/+0 giant club (25)]
  3341 | D:3      | Killed an ogre
  3342 | D:3      | Reached skill level 1 in Long Blades
  3342 | D:3      | Reached skill level 5 in Axes
  3342 | D:3      | Reached skill level 1 in Armour
  3342 | D:3      | Reached XP level 5. HP: 32/47 MP: 4/4
  3735 | D:4      | Noticed an ogre
  3748 | D:4      | Mangled by an ogre

Illustrated notes

Levels and vault maps discovered:
D:1:      lightli_arrival_maybe_door_vault, layout_basic
D:2:      layout_basic, shapermc_ecumenical_altar_venn, minmay_hedge_maze,
          kennysheep_nub
D:3:      layout_basic
D:4:      nicolae_cairo_tiling_large, layout_gridville,
          nicolae_elyvilon_peaceful_grove

Skill      XL: |  1  2  3  4  5 |
---------------+----------------+-----
Axes           | 4 5 |  5.1
Fighting       | 4 |  4.8
Dodging        | 4 |  4.2
Long Blades    | 1 |  1.2
Armour         | 1 2 |  2.0
Stealth        | 2 |  2.1
Crossbows      | |  0.2

Action                   |  1- 3 |  4- 6 || total
-------------------------+-------+-------++-------
Melee: Hand axe          |   105 |    18 ||   123
       Headbutt          |    17 |     5 ||    22
       Long sword        |       |    13 ||    13
       Punch             |       |     1 ||     1
 Fire: Arbalest          |       |     4 ||     4
Throw: Stone             |       |     3 ||     3
 Stab: Sleeping          |       |     1 ||     1
Armor: Robe              |     6 |       ||     6
       Ring mail         |    31 |     5 ||    36
Dodge: Dodged            |    74 |    16 ||    90
Block: Other             |     4 |     5 ||     9
